 Dungeon Sprint DCSS version 0.22.1-1-ga44c0e56f4 (webtiles) character file.

220 MuseOD the Covert (level 5, -6/28 (29) HPs)
             Began as a Spriggan Enchanter on Sept 23, 2018.
             Mangled by a necrophage (7 damage)
             ... in the Dungeon (Sprint II: "The Violet Keep of Menkaure").
             The game lasted 00:00:43 (273 turns).

MuseOD the Covert (Spriggan Enchanter)               Turns: 273, Time: 00:00:43

HP:   -6/28 (29)    AC:  1    Str:  4    XL:     5   Next: 64%
MP:   1/13          EV: 18    Int: 18    God:
Gold: 243           SH:  0    Dex: 16    Spells: 8/14 levels left

rFire    . . .     SeeInvis +   a - +1 dagger
rCold    . . .     Gourm    .   (shield restricted)
rNeg     . . .     Faith    .   b - +0 robe
rPois    .         Spirit   .   (helmet restricted)
rElec    .         Reflect  .   (no cloak)
rCorr    .         Harm     .   (gloves unavailable)
MR       .....     NoTele   +   (boots unavailable)
Stlth    +++++.....             (no amulet)
HPRegen  0.09/turn              (no ring)
MPRegen  0.13/turn              (no ring)

@: very quick
A: very small, unfitting armour, see invisible, deformed body, herbivore, speed
3, slow metabolism 2, no potion heal 1
a: no special abilities


You were in the Dungeon.
You were not hungry.

You visited 1 branch You collected 243 gold pieces.

Inventory:

Hand Weapons
 a - a +1 dagger (weapon)
Armour
 b - a +0 robe (worn)
Scrolls
 j - a scroll of blinking
Potions
 e - a potion of curing
 g - a potion of haste
 h - a potion of magic
Comestibles
 d - a ration


   Skills:
 - Level 3.8 Fighting
 - Level 7.6 Short Blades
 - Level 3.0 Dodging
 + Level 10.5 Stealth
 + Level 5.1 Spellcasting
 + Level 5.7 Hexes


You had 8 spell levels left.
You knew the following spells:

 Your Spells              Type           Power        Failure   Level  Hunger
a - Corona                Hex            ####...      1%          1    None
b - Ensorcelled Hibernat  Hex/Ice        ###...       6%          2    #......
c - Confuse               Hex            ####....     3%          3    ##.....

Your spell library contained the following spells:

 Spells                   Type           Power        Failure   Level  Hunger
 Tukima's Dance           Hex            ####....     3%          3    ##.....
 Dazzling Spray           Conj/Hex       ###...       12%         3    ##.....


Dungeon Overview and Level Annotations

Branches:
Dungeon (1/1)

Altars:


Innate Abilities, Weirdness & Mutations

You are very small and have problems with some larger weapons.
You are too small for most types of armour.
You have supernaturally acute eyesight. (SInv)
You are a herbivore.
You cover ground extremely quickly.
You need to consume almost no food.
Armour fits poorly on your strangely shaped body.
Potions are less effective at restoring your health.


Message History

You hit the necrophage but do no damage.
The necrophage is heavily damaged.
You hit the necrophage.
The necrophage is heavily damaged.
The necrophage misses you.
You hit the necrophage.
The necrophage is heavily damaged.
The necrophage hits you.
* * * LOW HITPOINT WARNING * * *
You barely miss the necrophage.
The necrophage is heavily damaged.
You hit the necrophage.
The necrophage is severely damaged.
The necrophage closely misses you.
You hit the necrophage.
The necrophage is severely damaged.
You hit the necrophage.
The necrophage is severely damaged.
The necrophage hits you!
You die...

##.$.##
#..#..#
#.#n#
## ##'#
#§#
##.##.#
+.n.+#
##n###
##n##
#.#@##
#.##†.#
###..##
#+##


You could see 3 necrophages.

Vanquished Creatures
  A neqoxec (D)
  A necrophage (D)
  3 worms (D)
5 creatures vanquished.

Vanquished Creatures (others)
  Menkaure (D)
1 creature vanquished.

Grand Total: 6 creatures vanquished

Notes
Turn   | Place    | Note
-------+----------+-------------------------------------------
     0 | D        | MuseOD the Spriggan Enchanter began the quest for the Orb.
     0 | D        | Reached XP level 1. HP: 9/9 MP: 5/5
     1 | D        | Noticed a neqoxec
     3 | D        | Noticed a quasit
     4 | D        | Gained mutation: Potions are less effective at restoring
                  | your health. [a neqoxec]
    11 | D        | Gained mutation: Armour fits poorly on your strangely
                  | shaped body. [a neqoxec]
    12 | D        | Killed a neqoxec
    12 | D        | Reached skill level 8 in Stealth
    12 | D        | Reached XP level 2. HP: 4/17 MP: 6/6
    12 | D        | Reached XP level 3. HP: 5/21 MP: 8/8
    12 | D        | Reached XP level 4. HP: 6/25 MP: 9/9
    20 | D        | Killed Menkaure
    45 | D        | Learned a level 2 spell: Ensorcelled Hibernation
    49 | D        | Learned a level 3 spell: Confuse
   204 | D        | Reached skill level 9 in Stealth
   204 | D        | Reached XP level 5. HP: 23/29 MP: 10/10
   215 | D        | Noticed a necrophage
   215 | D        | Noticed a necrophage
   215 | D        | Noticed a necrophage
   215 | D        | Noticed a necrophage
   242 | D        | Killed a necrophage
   242 | D        | Reached skill level 10 in Stealth
   242 | D        | Reached skill level 5 in Spellcasting
   242 | D        | Reached skill level 5 in Hexes
   269 | D        | HP: 1/28 [necrophage (5)]
   273 | D        | Mangled by a necrophage

Skill      XL: |  1  2  3  4  5 |
---------------+----------------+-----
Fighting       | 3 |  3.8
Short Blades   | 7 |  7.6
Stealth        | 8 9 10 | 10.5
Spellcasting   | 5 |  5.1
Hexes          | 5 |  5.7
Dodging        | |  3.0

Action                   |  1- 3 |  4- 6 || total
-------------------------+-------+-------++-------
Melee: Dagger            |     9 |    42 ||    51
 Cast: Confuse           |       |     7 ||     7
  Use: Potion            |     1 |     2 ||     3
 Stab: Sleeping          |       |     3 ||     3
       Confused          |       |     1 ||     1
Dodge: Dodged            |     2 |    22 ||    24
